AoeStats
← 297539664

Arena

509902174Analyzed
4v4 RM · 3d ago on Sep 28, 2026· 34m 56s· 8 players
Game mode
Random Map
Map size
Large (8 player)
Population
200
Speed
Normal
Resources
Standard
Victory
Conquest
Starting age
Dark Age
Ending age
Imperial Age
RankedLock teamsTeams togetherTeam positionsShared explorationLock speedFull tech treeHidden civsTurbo modeCheats
Victory
Defeat
🇹🇼 Danes · Taiwan
1399
+16
🇫🇮 Armenians · Finland
1397
+16
🇫🇮 Wei · Finland
1379
+17
🇪🇸 Bengalis · Spain
1379
+17
🇹🇼 Burgundians · Taiwan
1485
-21
🇹🇼 Byzantines · Taiwan
1470
-19
🇨🇳 Franks · China
1421
-17
🇹🇼 Khmer · Taiwan
1203
-9
Yasuo, the Unforgiven
9:52 Feudal Age
10:22 Horse Collar
10:28 Double-Bit Axe
15:24 Castle Age
14:12 Gold Mining
19:40 Loom
19:44 Loom
22:40 Bloodlines
26:11 Wheelbarrow
25:53 Scale Barding Armor
31:04 Imperial Age
29:09 Bow Saw
29:02 Heavy Plow
30:30 Gold Shaft Mining
30:58 Forging
32:00 Chain Barding Armor
31:21 Heavy Hei Guang Cavalry
33:26 Iron Casting
32:55 Husbandry
VaultBoy
10:53 Feudal Age
14:41 Castle Age
12:47 Double-Bit Axe
13:01 Horse Collar
13:10 Loom
13:50 Gold Mining
15:33 Bow Saw
16:59 Redemption
19:49 Sanctity
24:48 Forging
26:06 Iron Casting
25:14 Pikeman
27:18 Squires
27:39 Scale Mail Armor
Advanced Micro Devices
10:54 Feudal Age
12:06 Double-Bit Axe
14:26 Castle Age
12:38 Horse Collar
14:11 Gold Mining
20:47 Wheelbarrow
20:54 Bow Saw
20:38 Loom
23:10 Hand Cart
23:18 Stone Mining
25:24 Heavy Plow
28:45 Imperial Age
26:19 Scale Mail Armor
26:30 Forging
26:47 Squires
26:33 Gambesons
26:33 Arson
27:28 Chain Mail Armor
29:11 Iron Casting
30:02 Plate Mail Armor
29:45 Elite Varangian Guard
31:36 Gold Shaft Mining
32:33 Blast Furnace
32:04 Siege Engineers
33:00 Chemistry
32:26 Hamask
34:33 Conscription
cro55b0w
10:22 Feudal Age
12:03 Loom
17:11 Castle Age
15:52 Double-Bit Axe
16:25 Horse Collar
16:38 Gold Mining
18:09 Gambesons
17:51 Man-at-Arms
18:50 Long Swordsman
21:37 Squires
22:07 Gambesons
22:08 Two-Handed Swordsman
23:51 Bow Saw
25:34 Pikeman
27:22 Scale Mail Armor
28:40 Champion
28:49 Halberdier
32:30 Gold Shaft Mining
33:32 Wheelbarrow
35:41 Imperial Age
33:56 Arson
35:02 Chain Mail Armor
nicebro
11:20 Feudal Age
15:03 Castle Age
13:09 Horse Collar
14:15 Double-Bit Axe
14:21 Gold Mining
21:38 Husbandry
NyxXX
3:05 Double-Bit Axe
10:23 Feudal Age
8:40 Horse Collar
15:05 Castle Age
14:15 Bow Saw
14:11 Heavy Plow
18:05 Two-Man Saw
22:36 Loom
23:42 Wheelbarrow
kuim
10:53 Feudal Age
11:55 Double-Bit Axe
15:00 Castle Age
14:39 Horse Collar
16:01 Bow Saw
16:17 Heavy Plow
19:59 Loom
297539664
9:41 Feudal Age
13:26 Castle Age
11:51 Double-Bit Axe
14:39 Bow Saw
21:22 Scale Barding Armor
21:08 Light Cavalry
25:32 Husbandry
26:41 Chain Barding Armor
29:56 Wheelbarrow
30:05 Forging
29:55 Scale Mail Armor
30:51 Ordonnance Companies
32:39 Hand Cart
32:48 Chain Mail Armor
33:09 Iron Casting
32:31 Loom
Connection lost

Rejoining the realm…

Still unreachable

The connection could not be restored.

Session expired

The server has moved on; the page needs a fresh start.